 Dungeon Crawl Stone Soup version 0.24.0-123-gd5b16e6ec5 (webtiles) character file.

Game seed: 17558661531945891690, levelgen mode: deterministic

1 vurker the Gusty (level 1, -2/7 HPs)
             Began as a Felid Air Elementalist on Feb 1, 2020.
             Slain by a hobgoblin
             ... wielding a +0 club
              (4 damage)
             ... on level 1 of the Dungeon.
             The game lasted 00:00:13 (41 turns).

vurker the Gusty (Felid Air Elementalist)             Turns: 41, Time: 00:00:14

Health: -2/7       AC:  1    Str:  4    XL:     1   Next: 16%
Magic:  0/4        EV: 18    Int: 16    God:
Gold:   0          SH:  0    Dex: 16    Spells: 3/4 levels left
                                        Lives:  0   Deaths: 0

rFire    . . .     SeeInvis +   (weapon unavailable)
rCold    . . .     Gourm    .   (shield unavailable)
rNeg     . . .     Faith    .   (armour unavailable)
rPois    .         Spirit   .   (helmet unavailable)
rElec    .         Reflect  .   (cloak unavailable)
rCorr    .         Harm     .   (gloves unavailable)
MR       .....                  (boots unavailable)
Stlth    +++.......             (no amulet)
HPRegen  0.02/turn              (no ring)
MPRegen  0.09/turn              (no ring)

@: quick
A: very small, no armour, no weapons or thrown items, stealth, claws 1, fangs 3,
see invisible, carnivore, speed 1, shaggy fur 1, slow metabolism 1, sharp paws
a: no special abilities


You were on level 1 of the Dungeon.
You were not hungry.

You visited 1 branch of the dungeon, and saw 1 of its levels.

Inventory:

Comestibles
 e - a ration


   Skills:
 + Level 0.0 Fighting
 - Level 2.6 Dodging
 - Level 2.6 Stealth
 * Level 2.0 Spellcasting
 * Level 0.9 Conjurations
 * Level 2.7 Air Magic


You had 3 spell levels left.
You knew the following spells:

 Your Spells              Type           Power        Failure   Level  Hunger
a - Shock                 Conj/Air       #...         10%         1    #......

Your spell library contained the following spells:

 Spells                   Type           Power        Failure   Level  Hunger
 Swiftness                Chrm/Air       #.......     19%         2    ###....
 Static Discharge         Conj/Air       #.......     28%         3    ###....
 Airstrike                Air            ##........   56%         4    #####..
 Lightning Bolt           Conj/Air       #.........   95%         5    ######.


Dungeon Overview and Level Annotations

Branches:
Dungeon (1/15)

Altars:


Innate Abilities, Weirdness & Mutations

You cannot wear armour.
You are incapable of wielding weapons or throwing items.
Your paws allow you to move quietly. (Stealth)
You have sharp claws.
You have razor-sharp teeth.
You have supernaturally acute eyesight. (SInv)
You are carnivorous and can eat meat at any time.
You cover ground quickly.
You are covered in fur. (AC +1)
You have a slow metabolism.
Your sharp claws are effective at attacking unaware monsters.


Message History

e - a ration Welcome, vurker the Felid Air Elementalist.
Will you be the one to retrieve the transcendent Orb of Zot from the depths?
Found a staircase leading out of the dungeon.
Okay, then.
You open the door.
There is an open door here.
Found a helmet.
A hobgoblin comes into view. It is wielding a +0 club.
A hobgoblin is nearby!
A hobgoblin is nearby!
A hobgoblin comes into view. It is wielding a +0 club.
The hobgoblin shouts! x2; You hear a shout!
Found a ration.
You barely miss the hobgoblin.
You bite the hobgoblin, but do no damage.
A kobold comes into view.
The hobgoblin misses you.
You scratch the hobgoblin but do no damage.
Your bite misses the hobgoblin. You barely miss the hobgoblin.
You bite the hobgoblin. The hobgoblin barely misses you.
The zap misses the hobgoblin.
The zap hits the hobgoblin.
The zap misses the hobgoblin.
The hobgoblin barely misses you.
The zap hits the hobgoblin. x2
You kill the hobgoblin!
The zap hits the hobgoblin.
The kobold throws a stone.
The stone closely misses you.
The zap misses the hobgoblin.
The zap hits the hobgoblin.
The hobgoblin barely misses you.
The zap hits the hobgoblin but does no damage.
The zap hits the hobgoblin.
The zap misses the kobold.
The hobgoblin hits you with a +0 club.
Ouch! That really hurt!
* * * LOW HITPOINT WARNING * * *
You don't have enough magic to cast that spell.
You are too injured to fight recklessly!
You are too injured to fight recklessly!
You scratch the hobgoblin but do no damage.
The hobgoblin hits you with a +0 club.
Ouch! That really hurt!
You die...

## ..# .. # #.##
.##.##..#
#.%......## ..
.#..#.###@.###..#
.......Kg........
#..##..#...##..#
#..#.#.##..#
....#.#..#..#
#.#####.##.#..#
............#..####
.##.#######.....##.#
##....##.#


You could see a hobgoblin and a kobold.

Vanquished Creatures
  A hobgoblin (D:1)
1 creature vanquished.

Notes
Turn   | Place    | Note
-------+----------+-------------------------------------------
     0 | D:1      | vurker the Felid Air Elementalist began the quest for the
                  | Orb.
     0 | D:1      | Reached XP level 1. HP: 7/7 MP: 4/4
    41 | D:1      | Slain by a hobgoblin

Levels and vault maps discovered:
D:1:      giann_horns, layout_basic

Action                   || total
-------------------------++-------
Melee: Unarmed           ||     4
       Bite              ||     2
 Cast: Shock             ||     4
Dodge: Dodged            ||     5
